PBL
VICTORIA CAPITALS @ TIJUANA TOROS
07/16/2045
 
TOP OF THE 1ST
Victoria Capitals batting - Pitching for Tijuana Toros : RHP Ryan Powers
Pitching: RHP Ryan Powers
Batting: RHB John Vasquez 0-0: Ball
1-0: Ball
2-0: Ball
3-0: Called Strike
3-1: Ground out 6-3 (Groundball, 6, EV 81.9 MPH)
Batting: RHB Mike Conaway 0-0: Called Strike
0-1: Swinging Strike
0-2: SINGLE (Line Drive, 89S, EV 88.1 MPH)
Batting: RHB Enrique Valdez 0-0: Ball
1-0: Ball
Pickoff Throw to First - Error! E1
Mike Conaway to second
2-0: Called Strike
2-1: Foul Ball, location: 2F
2-2: Ball
3-2: Fly out, F9 (Flyball, 9LD, EV 92.5 MPH)
Runner from 2nd tags up, SAFE at 3rd, no throw by RF
Batting: SHB Ray Skogen 0-0: Called Strike
0-1: SINGLE (Groundball, 34D, EV 108.8 MPH)
Mike Conaway scores
Batting: LHB Jason Kinney 0-0: Ball
Passed Ball!
Ray Skogen to second
1-0: Ball
2-0: Ball
3-0: Called Strike
3-1: Foul Ball, location: 2F
3-2: Base on Balls
Pitching: RHP Dean Aspden
Batting: RHB Kinzo Yokoyama 0-0: Called Strike
0-1: Ball
1-1: Ball
2-1: Ball
3-1: TRIPLE (Flyball, 78XD, EV 102.5 MPH)
Ray Skogen scores
Jason Kinney scores
Batting: RHB Jose Zuniga 0-0: Fly out, F9 (Line Drive, 9D, EV 86.2 MPH)
Top of the 1st over - 3 runs, 3 hits, 1 error, 1 left on base; Victoria 3 - Tijuana 0
BOTTOM OF THE 1ST
Tijuana Toros batting - Pitching for Victoria Capitals : LHP Adam Schmidt
Pitching: LHP Adam Schmidt
Batting: LHB Cory Bowler 0-0: Ball
1-0: Fly out, F5 (Popup, 5S, EV 65.0 MPH)
Batting: RHB Tommy Hunter 0-0: Foul Ball, location: 2F
0-1: Foul Ball, location: 2F
0-2: Ball
1-2: Strikes out looking
Batting: LHB Fernão Manta 0-0: Ball
1-0: Foul Ball, location: 2F
1-1: Called Strike
1-2: Ground out U3 (Groundball, 3S, EV 65.6 MPH)
Bottom of the 1st over - 0 runs, 0 hits, 0 errors, 0 left on base; Victoria 3 - Tijuana 0
TOP OF THE 2ND
Victoria Capitals batting - Pitching for Tijuana Toros : RHP Dean Aspden
Batting: RHB Chris Skaff 0-0: Called Strike
0-1: Ball
1-1: Ball
2-1: Swinging Strike
2-2: Ball
3-2: Base on Balls
Batting: RHB David Greene 0-0: Grounds into double play, 6-4-3 (Groundball, 6, EV 110.6 MPH)
Batting: RHB John Vasquez 0-0: Called Strike
0-1: Called Strike
0-2: Ball
1-2: SINGLE (Groundball, 6MD, EV 96.2 MPH)
Batting: RHB Mike Conaway 0-0: Ball
1-0: Swinging Strike
1-1: Called Strike
1-2: Foul Ball, location: 2F
1-2: Foul Ball, location: 2F
1-2: Ball
2-2: Ground out 4-3 (Groundball, 34, EV 95.0 MPH)
Top of the 2nd over - 0 runs, 1 hit, 0 errors, 1 left on base; Victoria 3 - Tijuana 0
BOTTOM OF THE 2ND
Tijuana Toros batting - Pitching for Victoria Capitals : LHP Adam Schmidt
Batting: RHB Jason Baldwin 0-0: Foul Ball, location: 2F
0-1: Swinging Strike
0-2: Ball
1-2: Strikes out swinging
Batting: RHB Makoto Narita 0-0: Swinging Strike
0-1: Ball
1-1: SINGLE (Groundball, 56D, EV 107.5 MPH)
Batting: RHB Carlos Gonzalez 0-0: Foul Ball, location: 2F
0-1: Foul Ball, location: 2F
0-2: SINGLE (Groundball, 56D, EV 101.9 MPH)
Makoto Narita to second
Batting: RHB Brad Brady 0-0: Called Strike
0-1: Ball
1-1: SINGLE (Line Drive, 56D, EV 105.6 MPH)
Makoto Narita to third
Carlos Gonzalez to second
Batting: SHB Jesus Gomez 0-0: Ball
1-0: Ball
2-0: Swinging Strike
2-1: Called Strike
2-2: Foul Ball, location: 2F
2-2: Strikes out swinging
Batting: SHB Javy Franco 0-0: Ball
1-0: Called Strike
1-1: Foul Ball, location: 2F
1-2: Strikes out swinging
Bottom of the 2nd over - 0 runs, 3 hits, 0 errors, 3 left on base; Victoria 3 - Tijuana 0
TOP OF THE 3RD
Victoria Capitals batting - Pitching for Tijuana Toros : RHP Dean Aspden
Pitching: RHP Clyde Miller
Batting: RHB Enrique Valdez 0-0: Ball
1-0: Ground out 6-3 (Groundball, 6, EV 100.6 MPH)
Batting: SHB Ray Skogen 0-0: Ground out 3-1 (Groundball, 34, EV 106.2 MPH)
Batting: LHB Jason Kinney 0-0: Called Strike
0-1: Called Strike
0-2: Strikes out swinging
Top of the 3rd over - 0 runs, 0 hits, 0 errors, 0 left on base; Victoria 3 - Tijuana 0
BOTTOM OF THE 3RD
Tijuana Toros batting - Pitching for Victoria Capitals : LHP Adam Schmidt
Batting: LHB Cory Bowler 0-0: Swinging Strike
0-1: Foul Ball, location: 2F
0-2: SINGLE (Groundball, 4M, EV 85.6 MPH) (infield hit)
Batting: RHB Tommy Hunter 0-0: Ball
1-0: Called Strike
1-1: Ball
2-1: Ball
3-1: Called Strike
3-2: Fly out, F8 (Flyball, 8RD, EV 105.0 MPH)
Batting: LHB Fernão Manta 0-0: Ball
1-0: Swinging Strike
1-1: Ball
2-1: Grounds into double play, 4-6-3 (Groundball, 4, EV 79.4 MPH)
Bottom of the 3rd over - 0 runs, 1 hit, 0 errors, 0 left on base; Victoria 3 - Tijuana 0
TOP OF THE 4TH
Victoria Capitals batting - Pitching for Tijuana Toros : RHP Clyde Miller
Batting: RHB Kinzo Yokoyama 0-0: Ball
1-0: Called Strike
1-1: Swinging Strike
1-2: Reached on error, E6 (Popup, 6MS, EV 83.8 MPH)
Batting: RHB Jose Zuniga 0-0: Ball
1-0: Ball
2-0: Reached on error, E5 (Groundball, 56S, EV 81.2 MPH)
Kinzo Yokoyama to second
Batting: RHB Chris Skaff 0-0: Swinging Strike
0-1: Fielders Choice at 2nd, 5-4 (Groundball, 56, EV 86.2 MPH)
Kinzo Yokoyama to third
Batting: RHB David Greene 0-0: Fly out, F7 (Flyball, 7LS, EV 95.0 MPH)
Batting: RHB John Vasquez 0-0: Ball
1-0: Ball
2-0: Foul Ball, location: 2F
2-1: SINGLE (Line Drive, 34D, EV 95.0 MPH)
Kinzo Yokoyama scores
Chris Skaff to second
Runner from 2nd tries for 3rd, SAFE, throw by RF made to third
Pitching: RHP Loc Pham
Batting: RHB Mike Conaway 0-0: Ball
1-0: Called Strike
1-1: Ball
2-1: Foul Ball, location: 2F
2-2: 3-RUN HOME RUN (Line Drive, 7D, EV 99.4 MPH), Distance : 394 ft
Batting: RHB Enrique Valdez 0-0: Called Strike
0-1: Ball
1-1: Swinging Strike
1-2: Foul Ball, location: 2F
1-2: Ground out 5-3 (Groundball, 56, EV 83.1 MPH)
Top of the 4th over - 4 runs, 2 hits, 2 errors, 0 left on base; Victoria 7 - Tijuana 0
BOTTOM OF THE 4TH
Tijuana Toros batting - Pitching for Victoria Capitals : LHP Adam Schmidt
Batting: RHB Jason Baldwin 0-0: Called Strike
0-1: Foul Ball, location: 2F
0-2: Ball
1-2: Reached via error on a dropped throw from 1B, E1 (Groundball, 34, EV 86.2 MPH)
Batting: RHB Makoto Narita 0-0: Swinging Strike
0-1: Ball
1-1: Foul Ball, location: 2F
1-2: Ball
2-2: Strikes out swinging
Batting: RHB Carlos Gonzalez 0-0: Foul Ball, location: 2F
0-1: Called Strike
0-2: Strikes out swinging
Batting: RHB Brad Brady 0-0: Called Strike
0-1: Fly out, F9 (Line Drive, 9, EV 95.0 MPH)
Bottom of the 4th over - 0 runs, 0 hits, 1 error, 1 left on base; Victoria 7 - Tijuana 0
TOP OF THE 5TH
Victoria Capitals batting - Pitching for Tijuana Toros : RHP Loc Pham
Batting: SHB Ray Skogen 0-0: Called Strike
0-1: Called Strike
0-2: Ball
1-2: SOLO HOME RUN (Flyball, 9D, EV 95.6 MPH), Distance : 358 ft
Batting: LHB Jason Kinney 0-0: Called Strike
0-1: Ball
1-1: Swinging Strike
1-2: TRIPLE (Flyball, 9LD, EV 107.5 MPH)
Pitching: RHP Kenny Samuels
Batting: RHB Kinzo Yokoyama 0-0: Foul Ball, location: 2F
0-1: Ball
1-1: Ball
Wild Pitch!
Jason Kinney scores
2-1: SINGLE (Line Drive, 7LS, EV 96.2 MPH)
Batting: RHB Jose Zuniga 0-0: Called Strike
0-1: Ball
Wild Pitch!
Kinzo Yokoyama to second
1-1: DOUBLE (Flyball, 8RXD, EV 105.0 MPH)
Kinzo Yokoyama scores
Batting: RHB Chris Skaff 0-0: Ball
1-0: Ball
2-0: Called Strike
2-1: Foul Ball, location: 2F
2-2: SINGLE (Line Drive, 7S, EV 101.9 MPH)
Jose Zuniga to third
Runner from 3rd tries for Home, throw by LF and OUT! 7-2
Batting: RHB David Greene 0-0: Called Strike
0-1: Fly out, F8 (Flyball, 8RD, EV 91.9 MPH)
Batting: RHB John Vasquez 0-0: Called Strike
0-1: Foul Ball, location: 2F
0-2: Strikes out swinging
Top of the 5th over - 3 runs, 5 hits, 0 errors, 1 left on base; Victoria 10 - Tijuana 0
BOTTOM OF THE 5TH
Tijuana Toros batting - Pitching for Victoria Capitals : LHP Adam Schmidt
Batting: SHB Jesus Gomez 0-0: Ball
1-0: Called Strike
1-1: Foul Ball, location: 2F
1-2: Ball
2-2: Foul Ball, location: 2F
2-2: Foul Ball, location: 2F
2-2: Foul Ball, location: 2F
2-2: Ball
3-2: Foul Ball, location: 2F
3-2: Strikes out swinging
Batting: SHB Javy Franco 0-0: Called Strike
0-1: Fly out, F7 (Flyball, 7D, EV 94.4 MPH)
Batting: LHB Cory Bowler 0-0: Swinging Strike
0-1: Foul Ball, location: 2F
0-2: Ground out 4-3 (Groundball, 4MS, EV 69.4 MPH)
Bottom of the 5th over - 0 runs, 0 hits, 0 errors, 0 left on base; Victoria 10 - Tijuana 0
TOP OF THE 6TH
Victoria Capitals batting - Pitching for Tijuana Toros : RHP Kenny Samuels
Batting: RHB Mike Conaway 0-0: Called Strike
0-1: Swinging Strike
0-2: Ball
1-2: Ball
2-2: Foul Ball, location: 2F
2-2: Strikes out looking
Pitching: RHP Juan Gallegos
Batting: RHB Enrique Valdez 0-0: Called Strike
0-1: Ball
1-1: Fly out, F5 (Line Drive, 5, EV 69.4 MPH)
Batting: SHB Ray Skogen 0-0: Ball
1-0: Ball
2-0: Ball
3-0: Called Strike
3-1: Foul Ball, location: 2F
3-2: Base on Balls
Batting: LHB Jason Kinney 0-0: Ball
1-0: Called Strike
1-1: Ball
2-1: Foul Ball, location: 2F
2-2: Ball
3-2: Foul Ball, location: 2F
3-2: Base on Balls
Ray Skogen to second
Batting: RHB Kinzo Yokoyama 0-0: Ball
1-0: Foul Ball, location: 2F
1-1: Ball
2-1: Ground out 3-1 (Groundball, 34S, EV 88.8 MPH)
Top of the 6th over - 0 runs, 0 hits, 0 errors, 2 left on base; Victoria 10 - Tijuana 0
BOTTOM OF THE 6TH
Tijuana Toros batting - Pitching for Victoria Capitals : LHP Adam Schmidt
Batting: RHB Tommy Hunter 0-0: Called Strike
0-1: Swinging Strike
0-2: Ground out 5-3 (Groundball, 56, EV 86.9 MPH)
Batting: LHB Fernão Manta 0-0: Foul Ball, location: 2F
0-1: Ground out 4-3 (Groundball, 4, EV 101.2 MPH)
Batting: RHB Jason Baldwin 0-0: Fly out, F7 (Line Drive, 7, EV 97.5 MPH)
Bottom of the 6th over - 0 runs, 0 hits, 0 errors, 0 left on base; Victoria 10 - Tijuana 0
TOP OF THE 7TH
Victoria Capitals batting - Pitching for Tijuana Toros : RHP Juan Gallegos
Pitching: RHP Jim Jardine
Batting: RHB Jose Zuniga 0-0: Ball
1-0: Ball
2-0: Ball
3-0: Called Strike
3-1: Base on Balls
Batting: RHB Chris Skaff 0-0: Ball
1-0: SINGLE (Groundball, 6, EV 107.5 MPH)
Jose Zuniga to second
Batting: RHB David Greene 0-0: SINGLE (Line Drive, 89M, EV 100.0 MPH)
Jose Zuniga to third
Chris Skaff to second
Batting: RHB John Vasquez 0-0: Fly out, F9 (Flyball, 9, EV 92.5 MPH)
Runner from 3rd tags up, SCORES, throw by RF
Batting: RHB Mike Conaway 0-0: Grounds into double play, 6-4-3 (Groundball, 6, EV 83.1 MPH)
Top of the 7th over - 1 run, 2 hits, 0 errors, 1 left on base; Victoria 11 - Tijuana 0
BOTTOM OF THE 7TH
Tijuana Toros batting - Pitching for Victoria Capitals : LHP Adam Schmidt
Batting: RHB Makoto Narita 0-0: Called Strike
0-1: Called Strike
0-2: Foul Ball, location: 2F
0-2: Fly out, F7 (Flyball, 7, EV 92.5 MPH)
Batting: RHB Carlos Gonzalez 0-0: Called Strike
0-1: Ball
1-1: Ball
2-1: SINGLE (Line Drive, 9S, EV 93.8 MPH)
Batting: RHB Brad Brady 0-0: Ball
1-0: Swinging Strike
1-1: Foul Ball, location: 2F
1-2: Ball
2-2: Strikes out swinging
Batting: SHB Jesus Gomez 0-0: Ball
1-0: Foul Ball, location: 2F
1-1: Ball
2-1: Foul Ball, location: 2F
2-2: Foul Ball, location: 2F
2-2: Foul Ball, location: 2F
2-2: Foul Ball, location: 2F
2-2: Strikes out swinging
Bottom of the 7th over - 0 runs, 1 hit, 0 errors, 1 left on base; Victoria 11 - Tijuana 0
TOP OF THE 8TH
Victoria Capitals batting - Pitching for Tijuana Toros : RHP Jim Jardine
Pinch Hitting: LHB Addisu Nyamekye 0-0: Foul Ball, location: 2F
0-1: Called Strike
0-2: Foul Ball, location: 2F
0-2: Ball
1-2: Ball
2-2: Ball
3-2: Foul Ball, location: 2F
3-2: Fly out, F2 (Popup, 3SF, EV 81.2 MPH)
Pitching: RHP Adam Maczko
Batting: SHB Ray Skogen 0-0: DOUBLE (Flyball, 89XD, EV 103.1 MPH)
Batting: LHB Jason Kinney 0-0: Fly out, F8 (Flyball, 8LD, EV 106.9 MPH)
Batting: RHB Kinzo Yokoyama 0-0: Reached on error, E4 (Flyball, 34D, EV 95.0 MPH)
Ray Skogen to third
Batting: RHB Jose Zuniga 0-0: Called Strike
0-1: Ball
Passed Ball!
Ray Skogen scores
Kinzo Yokoyama to second
1-1: Ball
2-1: Ground out U3 (Groundball, 34, EV 81.2 MPH)
Top of the 8th over - 1 run, 1 hit, 1 error, 1 left on base; Victoria 12 - Tijuana 0
BOTTOM OF THE 8TH
Tijuana Toros batting - Pitching for Victoria Capitals : LHP Adam Schmidt
Now at 2B: Addisu Nyamekye
Batting: SHB Javy Franco 0-0: Foul Ball, location: 2F
0-1: SINGLE (Groundball, 23, EV 63.1 MPH) (infield hit)
Batting: LHB Cory Bowler 0-0: Foul Ball, location: 2F
0-1: Ball
1-1: Ball
2-1: Ball
3-1: Fly out, F6 (Popup, 56D, EV 64.4 MPH)
Pitching: RHP Frank Cabrera
Batting: RHB Tommy Hunter 0-0: Ball
1-0: DOUBLE (Line Drive, 78XD, EV 106.9 MPH)
Javy Franco to third
Runner from 3rd tries for Home, SAFE, throw by CF to home
Batting: LHB Fernão Manta 0-0: Called Strike
0-1: Ball
1-1: Ball
2-1: Called Strike
2-2: Foul Ball, location: 2F
2-2: Strikes out looking
Batting: RHB Jason Baldwin 0-0: Called Strike
0-1: Ball
1-1: Ball
2-1: DOUBLE (Flyball, 8LD, EV 91.2 MPH)
Tommy Hunter scores
Batting: RHB Makoto Narita 0-0: Called Strike
0-1: Called Strike
0-2: Foul Ball, location: 2F
0-2: Ball
1-2: Strikes out swinging
Bottom of the 8th over - 2 runs, 3 hits, 0 errors, 1 left on base; Victoria 12 - Tijuana 2
TOP OF THE 9TH
Victoria Capitals batting - Pitching for Tijuana Toros : RHP Adam Maczko
Batting: RHB Chris Skaff 0-0: Ball
1-0: Called Strike
1-1: Ball
2-1: Ball
3-1: Base on Balls
Batting: RHB David Greene 0-0: Ball
1-0: Foul Ball, location: 2F
Balk!
Chris Skaff to second
1-1: Foul Ball, location: 2F
1-2: Hit by Pitch
Batting: RHB John Vasquez 0-0: Called Strike
0-1: Fly out, F4 (Flyball, 4D, EV 78.8 MPH)
Batting: RHB Mike Conaway 0-0: Called Strike
0-1: Reached on error, E4 (Groundball, 4, EV 90.6 MPH)
Chris Skaff to third
David Greene to second
Batting: LHB Addisu Nyamekye 0-0: Ball
1-0: SINGLE (Flyball, 4MD, EV 84.4 MPH)
Chris Skaff scores
David Greene to third
Mike Conaway to second
Batting: SHB Ray Skogen 0-0: Foul Ball, location: 2F
0-1: Called Strike
0-2: Ball
1-2: Ball
2-2: Ball
3-2: GRAND SLAM HOME RUN (Flyball, 7D, EV 99.4 MPH), Distance : 390 ft
Batting: LHB Jason Kinney 0-0: Ball
1-0: SOLO HOME RUN (Flyball, 9D, EV 97.5 MPH), Distance : 362 ft
Batting: RHB Kinzo Yokoyama 0-0: Ball
1-0: Fly out, F9 (Flyball, 9, EV 71.9 MPH)
Batting: RHB Jose Zuniga 0-0: Foul Ball, location: 2F
0-1: SINGLE (Groundball, 34D, EV 105.6 MPH)
Batting: RHB Chris Skaff 0-0: Foul Ball, location: 2F
0-1: Called Strike
0-2: Reached on error, E5 (Groundball, 56, EV 97.5 MPH)
Jose Zuniga to second
Batting: RHB David Greene 0-0: Foul Ball, location: 2F
0-1: Foul Ball, location: 2F
0-2: Ball
1-2: Ball
2-2: Ball
3-2: Base on Balls
Jose Zuniga to third
Chris Skaff to second
Batting: RHB John Vasquez 0-0: Called Strike
0-1: SINGLE (Groundball, 25, EV 63.1 MPH) (infield hit)
Jose Zuniga scores
Chris Skaff to third
David Greene to second
Batting: RHB Mike Conaway 0-0: Ball
1-0: Ball
Wild Pitch!
Chris Skaff scores
David Greene to third
John Vasquez to second
2-0: Ball
Wild Pitch!
David Greene scores
John Vasquez to third
3-0: Called Strike
3-1: Base on Balls
Batting: LHB Addisu Nyamekye 0-0: Fly out, F5 (Popup, 5S, EV 73.8 MPH)
Top of the 9th over - 9 runs, 5 hits, 2 errors, 2 left on base; Victoria 21 - Tijuana 2
BOTTOM OF THE 9TH
Tijuana Toros batting - Pitching for Victoria Capitals : RHP Frank Cabrera
Batting: RHB Carlos Gonzalez 0-0: Ball
1-0: Fly out, F9 (Flyball, 9S, EV 97.5 MPH)
Batting: RHB Brad Brady 0-0: Swinging Strike
0-1: Swinging Strike
0-2: Ball
1-2: Strikes out swinging
Batting: SHB Jesus Gomez 0-0: Called Strike
0-1: Ball
1-1: Ball
2-1: Ball
3-1: Base on Balls
Batting: SHB Javy Franco 0-0: Foul Ball, location: 2F
0-1: Called Strike
0-2: Ball
1-2: Ball
2-2: Strikes out swinging
Bottom of the 9th over - 0 runs, 0 hits, 0 errors, 1 left on base; Victoria 21 - Tijuana 2
Wednesday, June 22nd , 2022 - OOTP Baseball 23.4 Build 64